AoeStats
← TheHuisman

Oasis

510007190Analyzed
4v4 RM · 3d ago on Sep 29, 2026· 45m 43s· 8 players
Game mode
Random Map
Map size
Large (8 player)
Population
200
Speed
Normal
Resources
Standard
Victory
Conquest
Starting age
Dark Age
Ending age
Imperial Age
RankedLock teamsTeams togetherTeam positionsShared explorationLock speedFull tech treeHidden civsTurbo modeCheats
Victory
Defeat
🇦🇷 Japanese · Argentina
1137
+16
🇭🇰 Wei · Hong Kong SAR China
1118
+17
🇳🇿 Vikings · New Zealand
1095
+17
🇺🇸 Danes · United States
1038
+20
🇦🇷 Mongols · Argentina
1261
-23
🇨🇱 Saxons · Chile
1148
-18
🇺🇸 Burgundians · United States
1059
-15
🇭🇰 Persians · Hong Kong SAR China
1040
-14
Gauss
10:00 Feudal Age
10:46 Double-Bit Axe
11:06 Horse Collar
12:28 Gold Mining
12:43 Stone Mining
13:59 Loom
19:34 Castle Age
18:12 Bloodlines
20:10 Scale Barding Armor
20:15 Forging
20:48 Bow Saw
20:56 Heavy Plow
22:00 Town Watch
23:55 Wheelbarrow
25:30 Hand Cart
29:31 Imperial Age
27:05 Husbandry
28:55 Iron Casting
28:43 Chain Barding Armor
29:11 Iron Casting
31:10 Scale Mail Armor
32:10 Blast Furnace
31:04 Heavy Hei Guang Cavalry
35:58 Tuntian
36:19 Conscription
36:34 Hoardings
42:15 Fletching
45:28 Bodkin Arrow
Kevin_MdP
4:30 Loom
11:46 Feudal Age
13:12 Man-at-Arms
22:15 Castle Age
22:37 Pikeman
25:48 Gold Mining
25:49 Double-Bit Axe
27:06 Scale Mail Armor
33:00 Forging
35:47 Squires
35:30 Elite Skirmisher
36:17 Fletching
37:02 Bodkin Arrow
38:00 Ballistics
42:22 Wheelbarrow
44:23 Town Watch
48:46 Imperial Age
TheHuisman
8:49 Feudal Age
7:08 Loom
8:58 Man-at-Arms
10:59 Arson
11:03 Double-Bit Axe
14:03 Scale Mail Armor
14:51 Town Watch
15:51 Forging
22:05 Castle Age
33:19 Fletching
33:57 Squires
35:05 Gambesons
35:01 Pikeman
37:17 Wheelbarrow
37:30 Town Patrol
37:44 Fervor
38:58 Hand Cart
38:58 Bow Saw
39:26 Horse Collar
39:37 Gold Mining
40:51 Stone Mining
42:28 Gold Shaft Mining
42:30 Iron Casting
45:39 Imperial Age
44:59 Chain Mail Armor
45:10 Bodkin Arrow
45:55 Scale Barding Armor
45:51 Padded Archer Armor
46:06 Heavy Plow
46:35 Ballistics
46:11 Murder Holes
46:27 Fortified Wall
47:22 Chemistry
crispyburrito
12:32 Feudal Age
14:02 Man-at-Arms
18:02 Castle Age
22:58 Loom
33:09 Imperial Age
31:14 Scale Mail Armor
31:12 Gold Mining
31:12 Double-Bit Axe
31:14 Horse Collar
33:56 Chieftains
34:13 Chain Mail Armor
34:08 Forging
34:35 Elite Berserk
36:18 Plate Mail Armor
36:35 Iron Casting
35:42 Elite Skirmisher
37:10 Bow Saw
37:05 Heavy Plow
37:46 Gold Shaft Mining
37:28 Fletching
37:38 Padded Archer Armor
37:44 Scale Barding Armor
39:19 Blast Furnace
38:42 Ballistics
39:23 Chemistry
38:34 Masonry
39:28 Squires
38:49 Elite Varangian Guard
39:51 Bodkin Arrow
40:12 Leather Archer Armor
41:51 Conscription
40:53 Spies/Treason
42:35 Bracer
45:17 Ring Archer Armor
45:08 Chain Barding Armor
[ATARB] ExDic Nicolas Maduro
0:56 Loom
9:51 Feudal Age
16:42 Castle Age
16:08 Double-Bit Axe
16:06 Horse Collar
21:31 Husbandry
24:20 Wheelbarrow
24:15 Cavalier
25:34 Hand Cart
27:51 Town Watch
31:26 Gold Mining
savage!
7:38 Loom
9:57 Feudal Age
12:02 Man-at-Arms
24:19 Double-Bit Axe
28:37 Castle Age
dllmh
10:13 Feudal Age
10:32 Loom
10:40 Double-Bit Axe
19:06 Castle Age
18:03 Stone Mining
18:18 Horse Collar
24:31 Wheelbarrow
26:04 Heavy Plow
[ATARB]PELUCHE GUACHIN
11:11 Feudal Age
12:27 Double-Bit Axe
23:44 Gold Mining
27:19 Castle Age
25:50 Fletching
27:58 Bodkin Arrow
28:39 Bow Saw
29:05 Gold Shaft Mining
31:55 Ballistics
32:04 Padded Archer Armor
Connection lost

Rejoining the realm…

Still unreachable

The connection could not be restored.

Session expired

The server has moved on; the page needs a fresh start.